 Dungeon Sprint DCSS version 0.29.1-15-g9cfb28693d (webtiles) character file.

Game seed: 3122849739637429327

61 Ast3rio the Trooper (level 3, -2/38 HPs)
             Began as a Minotaur Berserker on Mar 14, 2023.
             Was a Believer of Trog.
             Drowned by a water elemental (5 damage)
             ... in the Dungeon (Sprint III: "The Ten Rune Challenge").
             The game lasted 00:02:00 (540 turns).

Ast3rio the Trooper (Minotaur Berserker)             Turns: 540, Time: 00:02:00

Health: -2/38      AC:  4    Str: 23    XL:     3   Next: 83%
Magic:  2/2        EV: 12    Int:  4    God:    Trog [**....]
Gold:   9          SH:  0    Dex:  9    Spells: 2/2 levels left

rFire   . . .      SeeInvis .   j - +1 dagger (venom)
rCold   + . .      Faith    .   (no shield)
rNeg    . . .      Spirit   .   k - +2 robe {rC+}
rPois   .          Reflect  .   (helmet restricted)
rElec   .          Harm     .   (no cloak)
rCorr   .          Rampage  .   (no gloves)
Will    .....      NoTele   +   (no boots)
Stlth   +.........              (no amulet)
HPRegen 0.12/turn               (no ring)
MPRegen 0.08/turn               (no ring)

@: engulfed (cannot breathe)
A: horns 2, retaliatory headbutt
a: Renounce Religion, Berserk, Trog's Hand


You were in the Dungeon.
You worshipped Trog.
Trog was pleased with you.
You visited 1 branch You collected 9 gold pieces.

Inventory:

Hand Weapons
 a - a +0 hand axe
 j - a +1 dagger of venom (weapon)
Armour
 b - a +0 animal skin
 k - a +2 robe of cold resistance (worn)
Scrolls
 h - a scroll of blinking
 n - a scroll of poison {unknown}
 o - 2 scrolls of identify {unknown}
 p - a scroll of torment {unknown}
Potions
 c - a potion of curing
 d - a potion of heal wounds
 e - a potion of haste
 f - 2 potions of magic
 g - a potion of berserk rage
 i - a potion of attraction {unknown}
 l - 3 potions of flight {unknown}
 m - 3 potions of mutation {unknown}
 q - a potion of lignification {unknown}


   Skills:
 * Level 6.3 Fighting
 * Level 2.2 Short Blades
 + Level 6.2 Axes
 + Level 3.8 Armour
 + Level 3.6 Dodging


You had 2 spell levels left.
You didn't know any spells.
Your spell library was empty.

Dungeon Overview and Level Annotations

Branches:
Dungeon (1/1)

Altars:


Innate Abilities, Weirdness & Mutations

You have a pair of horns on your head.
You reflexively headbutt those who attack you in melee.


Message History

m - a fizzy green potion;
n - a scroll labelled TETOUDW VURAWK
o - a scroll labelled LABRIZEIRE;
m - 2 fizzy green potions (gained 1)
l - 2 fizzy sapphire potions (gained 1)
m - 3 fizzy green potions (gained 1);
p - a scroll labelled YTOTAZ KEEMMO
o - 2 scrolls labelled LABRIZEIRE (gained 1)
q - a metallic red potion;
l - 3 fizzy sapphire potions (gained 1)
You now have 9 gold pieces (gained 7).
You feel yourself speed up.
There is an open door here.
Okay, then.
You open the door.
A water elemental comes into view.
Okay, then.
You're still recovering from your berserk rage.
The water elemental closely misses you.
There is an open door to the Ecumenical Temple here.
You hit the water elemental.
The water elemental is lightly damaged.
The water elemental barely misses you.
You hit the water elemental.
The water elemental is lightly damaged.
The water elemental closely misses you.
You hit the water elemental but do no damage.
The water elemental is lightly damaged.
You recover from your berserk rage.
The water elemental hits you!
You hit the water elemental but do no damage.
You headbutt the water elemental!
The water elemental is moderately damaged.
The water elemental hits you!
* * * LOW HITPOINT WARNING * * *
The water elemental engulfs you in water!
You hit the water elemental. You headbutt the water elemental!
The water elemental is almost destroyed.
* * * LOW HITPOINT WARNING * * *
Your lungs strain for air!
The water elemental closely misses you.
You hit the water elemental.
The water elemental is almost destroyed.
You die...

▓▓▓▓▓▓▓ ▓▓▓ ..#...####
##.# ..#......#####..#
.##.......#..#..#
#.##.##...#..#..###+#+##
#.##.###..##'#..#.......
.####.##..###...@E⌠.....
###..##..####...#...####
.....##..###....#.⌠.#
##..##...##.....#...#
#..##....#.†....#+###
..###..##.#.....# (.#
#.. ####....# ▓▓▓ ▓▓▓
▓▓▓▓▓▓


You could see a water elemental.

Vanquished Creatures
  Jessica (D)
  A human (D)
  A wolf (D)
  2 endoplasms (D)
  A rat (D)
6 creatures vanquished.

Notes
Turn   | Place    | Note
-------+----------+-------------------------------------------
     0 | D        | Ast3rio the Minotaur Berserker began the quest for the Orb.
     0 | D        | Reached XP level 1. HP: 19/19 MP: 0/0
   112 | D        | Noticed Jessica
   119 | D        | Killed Jessica
   119 | D        | Reached ** piety under Trog
   120 | D        | Reached skill level 5 in Fighting
   120 | D        | Reached skill level 5 in Axes
   120 | D        | Reached XP level 2. HP: 11/29 MP: 1/1
   120 | D        | Reached XP level 3. HP: 14/36 MP: 2/2
   502 | D        | Reached skill level 1 in Short Blades
   533 | D        | Noticed a water elemental
   540 | D        | Drowned by a water elemental

Illustrated notes

Levels and vault maps discovered:
D:        dungeon_sprint_mu [sprint_mu_entry_cave, sprint_mu_temple_rooms,
          sprint_mu_d1_spiders, sprint_mu_d2_genie, sprint_mu_d3_branching,
          sprint_mu_orc_legion, sprint_mu_elf_gauntlet, sprint_mu_hive_nellie,
          sprint_mu_lair_fedhas, sprint_mu_vaults_butterflies,
          sprint_mu_slime_circle, sprint_mu_swamp_cave, sprint_mu_snake_twists,
          sprint_mu_blade_basic, sprint_mu_crypt_fortress,
          sprint_mu_tomb_spiral, sprint_mu_vestibule_basic,
          sprint_mu_gehenna_hellfire, sprint_mu_dis_giant,
          sprint_mu_tartarus_statrot, sprint_mu_cocytus_islands, sprint_mu_zot1]

Skill      XL: |  1  2  3 |
---------------+----------+-----
Fighting       | 5 6 |  6.3
Axes           | 5 6 |  6.2
Armour         | 3 |  3.8
Dodging        | 3 |  3.6
Short Blades   | 2 |  2.2

Action                   || total
-------------------------++-------
Melee: Hand axe          ||     7
       Headbutt          ||     5
       Punch             ||     1
       Dagger            ||    13
Invok: Berserk           ||     1
Dodge: Dodged            ||    15
